 Dungeon Crawl Stone Soup version 0.23.2-33-g5129a83184 (webtiles) character file.

Game seed: 5179649982299309755

216 MalarOregon the Ruffian (level 5, -8/46 HPs)
             Began as a Ghoul Earth Elementalist on July 13, 2019.
             Mangled by a river rat (9 damage)
             ... on level 3 of the Dungeon.
             The game lasted 00:07:02 (3492 turns).

MalarOregon the Ruffian (Ghoul Earth Elementalist)  Turns: 3492, Time: 00:07:03

Health: -8/46      AC:  2    Str: 12    XL:     5   Next: 93%
Magic:  0/6        EV: 12    Int: 11    God:
Gold:   162        SH:  0    Dex:  9    Spells: 6/7 levels left

rFire    . . .     SeeInvis .     - Unarmed
rCold    + . .     Gourm    .   (no shield)
rNeg     + + +     Faith    .   c - +0 robe
rPois    ∞         Spirit   .   (no helmet)
rElec    .         Reflect  .   (no cloak)
rCorr    .         Harm     .   (no gloves)
MR       .....                  (no boots)
Stlth    ++........             (no amulet)
HPRegen  0.00/turn              (no ring)
MPRegen  0.10/turn              (no ring)

@: very slightly contaminated, rotting
A: rotting body, claws 1, carnivore, cold resistance 1, negative energy
resistance 3, inhibited regeneration, torment resistance, unbreathing
a: no special abilities


You were on level 3 of the Dungeon.
You were not hungry.

You visited 1 branch of the dungeon, and saw 3 of its levels.

You collected 162 gold pieces.

Inventory:

Missiles
 b - 89 stones (quivered)
Armour
 c - a +0 robe (worn)
Jewellery
 f - an uncursed ring of see invisible {unknown}
   (You found it on level 1 of the Dungeon)
 k - an uncursed amulet of the acrobat {unknown}
   (You found it on level 1 of the Dungeon)
 o - an uncursed amulet of harm {unknown}
   (You found it on level 3 of the Dungeon)
Scrolls
 i - 2 scrolls of fear {unknown}
 l - 5 scrolls of remove curse {unknown}
 m - a scroll of identify {unknown}
 p - a scroll of teleportation {unknown}
 q - a scroll of random uselessness {unknown}
Potions
 a - a potion of degeneration {unknown}
 d - 2 potions of lignification {unknown}
 g - a potion of invisibility {unknown}
 h - a potion of flight {unknown}
 j - 2 potions of curing {unknown}
 r - a potion of mutation {unknown}
Comestibles
 e - 3 rations {!d}


   Skills:
 + Level 4.1 Fighting
 - Level 1.7 Dodging
 - Level 2.1 Stealth
 + Level 4.1 Unarmed Combat
 - Level 1.7 Spellcasting
   Level 0.8 Transmutations
 - Level 3.2 Earth Magic


You had 6 spell levels left.
You knew the following spells:

 Your Spells              Type           Power        Failure   Level  Hunger
a - Sandblast             Erth           #.....       8%          1    ##.....

Your spell library contained the following spells:

 Spells                   Type           Power        Failure   Level  Hunger
 Passwall                 Tmut/Erth      #.......     19%         2    ###....
 Stone Arrow              Conj/Erth      #.....       41%         3    ####...
 Petrify                  Tmut/Erth      #.......     77%         4    #####..
 Lee's Rapid Deconstruct  Erth           #.........   91%         5    ######.


Dungeon Overview and Level Annotations

Branches:
Dungeon (3/15)

Altars:
Nemelex Xobeh


Innate Abilities, Weirdness & Mutations

Your body is rotting away.
You thrive on raw meat.
You are immune to poison.
You have sharp fingernails.
You are carnivorous and can eat meat at any time.
Your flesh is cold resistant. (rC+)
You are immune to negative energy. (rN+++)
You do not regenerate when monsters are visible.
You are immune to unholy pain and torment.
You can survive without breathing.


Message History

You kill the adder!
You scratch the river rat. The river rat closely misses you.
You barely miss the river rat. The river rat bites you.
* * * LOW HITPOINT WARNING * * *
You claw the river rat!
You kill the river rat!
You see here a bat corpse.
You butcher the bat corpse.
n - a chunk of flesh You see here a bat skeleton.
Eat a chunk of flesh? (ye/n/q)
You eat the chunk of flesh.
This raw flesh tastes great!
You enter the shallow water.
Moving in this stuff is going to be slow.
You enter the shallow water.
Moving in this stuff is going to be slow.
Found a murky inky potion.
Your magical contamination has completely faded away.
A river rat and a worm come into view.
The river rat barely misses you. The river rat misses you.
The river rat closely misses you. The river rat barely misses you.
The river rat bites you but does no damage.
The river rat misses you.
A hobgoblin comes into view. It is wielding a +0 club.
The river rat bites you!
* * * LOW HITPOINT WARNING * * *
Aim: a river rat The blast of sand hits the river rat but does no damage.
b - 91 stones The river rat misses you.
The river rat bites you.
* * * LOW HITPOINT WARNING * * *
You see here a bat skeleton.
Aim: a river rat The blast of sand hits the river rat but does no damage.
b - 90 stones The river rat bites you.
* * * LOW HITPOINT WARNING * * *
Aim: a river rat You miscast Sandblast.
You are very lightly contaminated with residual magic.
Nothing appears to happen.
Aim: a river rat The blast of sand hits the river rat but does no damage.
b - 89 stones The river rat barely misses you.
Aim: a river rat You miscast Sandblast.
Nothing appears to happen.
The river rat bites you!
You die...

! ####################.
##...@rg..÷...........
#######..########...........
#.......## #.....≈.....
##.####### #.≈.≈≈≈≈≈... #
##..##### #≈≈#≈#≈####.
####.......# #≈≈≈≈≈≈≈≈≈#
..#<.......# #########≈#
#..).......# #≈≈≈w≈≈#
##.........# #########
#≈#≈####


You could see a river rat and a hobgoblin.

Vanquished Creatures
  A bullfrog zombie (D:3)
  An orc wizard (D:2)
  7 adders
  A river rat (D:3)
  An ooze (D:1)
  4 dart slugs
  3 leopard geckos
  3 orcs
  A ball python (D:1)
  2 giant cockroaches (D:1)
  8 goblins
  5 hobgoblins
  8 kobolds
  A quokka (D:2)
  11 bats
  6 frilled lizards
  12 rats
75 creatures vanquished.

Notes
Turn   | Place    | Note
-------+----------+-------------------------------------------
     0 | D:1      | MalarOregon the Ghoul Earth Elementalist began the quest
                  | for the Orb.
     0 | D:1      | Reached XP level 1. HP: 14/14 MP: 2/2
   162 | D:1      | Reached skill level 1 in Fighting
   162 | D:1      | Reached skill level 1 in Unarmed Combat
   261 | D:1      | Reached XP level 2. HP: 15/22 MP: 0/3
   559 | D:1      | Reached XP level 3. HP: 27/29 MP: 4/4
  1622 | D:2      | Found a sparkling altar of Nemelex Xobeh.
  1880 | D:2      | Reached XP level 4. HP: 14/37 MP: 2/5
  3151 | D:3      | Reached XP level 5. HP: 36/45 MP: 6/6
  3486 | D:3      | HP: 1/46 [river rat (5)]
  3492 | D:3      | Mangled by a river rat

Skill      XL: |  1  2  3  4  5 |
---------------+----------------+-----
Fighting       | 1 2 3 4 |  4.1
Unarmed Combat | 1 2 3 4 |  4.1
Dodging        | |  1.7
Stealth        | |  2.1
Spellcasting   | |  1.7
Transmutations | |  0.8
Earth Magic    | |  3.2

Action                   |  1- 3 |  4- 6 || total
-------------------------+-------+-------++-------
Melee: Unarmed           |   117 |   120 ||   237
       Punch             |     1 |     1 ||     2
 Cast: Sandblast         |    13 |    26 ||    39
 Stab: Sleeping          |     1 |     3 ||     4
  Eat: Chunk             |    10 |     7 ||    17
Armor: Robe              |    18 |    15 ||    33
Dodge: Dodged            |    70 |    78 ||   148
